NWL (28 & UNDER)
BISMARCK BARONS @ MOOSE JAW GHOSTBUSTERS
08/03/2026
 
TOP OF THE 1ST
Bismarck Barons batting - Pitching for Moose Jaw Ghostbusters : LHP Martin White
Pitching: LHP Martin White
Batting: LHB John Frost 0-0: Ground out 6-3 (Groundball, 6M)
Batting: RHB Roberto García 0-0: Fly out, F3 (Popup, 3SF)
Batting: LHB Pedro Díaz 0-0: Called Strike
0-1: Swinging Strike
0-2: Ball
1-2: Strikes out swinging
Top of the 1st over - 0 run(s), 0 hit(s), 0 error(s), 0 left on base; Bismarck 0 - Moose Jaw 0
BOTTOM OF THE 1ST
Moose Jaw Ghostbusters batting - Pitching for Bismarck Barons : RHP Francisco Anaya
Pitching: RHP Francisco Anaya
Batting: RHB Manuel Pérez 0-0: Called Strike
0-1: Ball
1-1: Ball
2-1: SINGLE (Groundball, 6MD)
Batting: LHB Will Vale Pickoff Throw to First - Error! E1
Manuel Pérez to second
0-0: Ball
1-0: Ball
2-0: Foul Ball, location: 2F
2-1: Ball
3-1: Foul Ball, location: 2F
3-2: Foul Ball, location: 2F
3-2: Base on Balls
Batting: RHB John Major 0-0: Called Strike
0-1: Ball
1-1: Foul Ball, location: 2F
1-2: SINGLE (Line Drive, 34)
Manuel Pérez to third
Will Vale to second
Batting: RHB Paco Hernández 0-0: Foul Ball, location: 2F
0-1: GRAND SLAM HOME RUN (Flyball, 78XD), Distance : 416 ft
Batting: LHB Dave Stewart 0-0: DOUBLE (Line Drive, 78M)
Batting: SHB Martín Cruz 0-0: Called Strike
0-1: Foul Ball, location: 2F
0-2: Foul Ball, location: 2F
0-2: Strikes out looking
Batting: RHB Don Turner 0-0: Ball
1-0: Ball
2-0: Called Strike
2-1: Foul Ball, location: 2F
2-2: Strikes out swinging
Batting: RHB Shawn Bane 0-0: Called Strike
0-1: Ground out 5-3 (Groundball, 56)
Bottom of the 1st over - 4 run(s), 4 hit(s), 1 error(s), 1 left on base; Bismarck 0 - Moose Jaw 4
TOP OF THE 2ND
Bismarck Barons batting - Pitching for Moose Jaw Ghostbusters : LHP Martin White
Batting: RHB Seiji Kouno 0-0: Ball
1-0: Ground out 1-3 (Groundball, 15S)
Batting: LHB Edwin Ryan 0-0: Foul Ball, location: 2F
0-1: Ball
1-1: Foul Ball, location: 2F
1-2: Hit by Pitch
Batting: RHB Pancho Torres 0-0: Called Strike
0-1: Swinging Strike
0-2: Strikes out swinging
Batting: RHB Michael Thomas 0-0: SINGLE (Line Drive, 4MD)
Edwin Ryan to second
Batting: SHB Jeff Chambers 0-0: Called Strike
0-1: Ball
1-1: Ball
2-1: Ball
3-1: Foul Ball, location: 2F
3-2: Strikes out swinging
Top of the 2nd over - 0 run(s), 1 hit(s), 0 error(s), 2 left on base; Bismarck 0 - Moose Jaw 4
BOTTOM OF THE 2ND
Moose Jaw Ghostbusters batting - Pitching for Bismarck Barons : RHP Francisco Anaya
Batting: LHB John Robbins 0-0: Ball
1-0: Hit by Pitch
Batting: RHB Manuel Pérez 0-0: Swinging Strike
0-1: Ball
1-1: Foul Ball, location: 2F
1-2: Strikes out swinging
Batting: LHB Will Vale 0-0: Called Strike
0-1: Ball
1-1: Foul Ball, location: 2F
1-2: Fielders Choice at 2nd, 3-6 (Groundball, 3)
Batting: RHB John Major 0-0: Fly out, F8 (Flyball, 8RD)
Bottom of the 2nd over - 0 run(s), 0 hit(s), 0 error(s), 1 left on base; Bismarck 0 - Moose Jaw 4
TOP OF THE 3RD
Bismarck Barons batting - Pitching for Moose Jaw Ghostbusters : LHP Martin White
Batting: LHB Jorge Fernández 0-0: Called Strike
0-1: Called Strike
0-2: Fly out, F9 (Flyball, 89S)
Batting: LHB John Frost 0-0: Ball
1-0: Called Strike
1-1: Foul Ball, location: 2F
1-2: Fly out, F9 (Flyball, 9M)
Batting: RHB Roberto García 0-0: Called Strike
0-1: Ground out 6-3 (Groundball, 6M)
Top of the 3rd over - 0 run(s), 0 hit(s), 0 error(s), 0 left on base; Bismarck 0 - Moose Jaw 4
BOTTOM OF THE 3RD
Moose Jaw Ghostbusters batting - Pitching for Bismarck Barons : RHP Francisco Anaya
Batting: RHB Paco Hernández 0-0: Called Strike
0-1: Swinging Strike
0-2: Ball
1-2: Ball
2-2: Strikes out looking
Batting: LHB Dave Stewart 0-0: Swinging Strike
0-1: Ball
1-1: Foul Ball, location: 2F
1-2: Strikes out looking
Batting: SHB Martín Cruz 0-0: Ball
1-0: Fly out, F8 (Flyball, 78M)
Bottom of the 3rd over - 0 run(s), 0 hit(s), 0 error(s), 0 left on base; Bismarck 0 - Moose Jaw 4
TOP OF THE 4TH
Bismarck Barons batting - Pitching for Moose Jaw Ghostbusters : LHP Martin White
Batting: LHB Pedro Díaz 0-0: Ball
1-0: Called Strike
1-1: Fly out, F9 (Line Drive, 89M)
Batting: RHB Seiji Kouno 0-0: Called Strike
0-1: Ball
1-1: Foul Ball, location: 2F
1-2: Strikes out swinging
Batting: LHB Edwin Ryan 0-0: Called Strike
0-1: Ball
1-1: Foul Ball, location: 2F
1-2: Strikes out looking
Top of the 4th over - 0 run(s), 0 hit(s), 0 error(s), 0 left on base; Bismarck 0 - Moose Jaw 4
BOTTOM OF THE 4TH
Moose Jaw Ghostbusters batting - Pitching for Bismarck Barons : RHP Francisco Anaya
Batting: RHB Don Turner 0-0: Ground out 1-3 (Groundball, 25)
Batting: RHB Shawn Bane 0-0: Ball
1-0: Ball
2-0: Fly out, F8 (Flyball, 8RD)
Batting: LHB John Robbins 0-0: Ball
1-0: Ball
2-0: Foul Ball, location: 2F
2-1: Ball
3-1: Swinging Strike
3-2: Ground out 4-3 (Groundball, 4)
Bottom of the 4th over - 0 run(s), 0 hit(s), 0 error(s), 0 left on base; Bismarck 0 - Moose Jaw 4
TOP OF THE 5TH
Bismarck Barons batting - Pitching for Moose Jaw Ghostbusters : LHP Martin White
Batting: RHB Pancho Torres 0-0: Foul Ball, location: 2F
0-1: Fly out, F7 (Flyball, 78XD)
Batting: RHB Michael Thomas 0-0: Ball
1-0: Swinging Strike
1-1: Swinging Strike
1-2: Foul Ball, location: 2F
1-2: Strikes out swinging
Batting: SHB Jeff Chambers 0-0: Ball
1-0: Foul Ball, location: 2F
1-1: Ball
2-1: Ball
3-1: Base on Balls
Batting: LHB Jorge Fernández 0-0: Ground out 4-3 (Groundball, 4)
Top of the 5th over - 0 run(s), 0 hit(s), 0 error(s), 1 left on base; Bismarck 0 - Moose Jaw 4
BOTTOM OF THE 5TH
Moose Jaw Ghostbusters batting - Pitching for Bismarck Barons : RHP Francisco Anaya
Batting: RHB Manuel Pérez 0-0: Ground out 5-3 (Groundball, 56S)
Batting: LHB Will Vale 0-0: Ball
1-0: SINGLE (Line Drive, 6D)
Batting: RHB John Major 0-0: Ball
1-0: Called Strike
1-1: Ball
2-1: Fly out, F9 (Flyball, 89M)
Batting: RHB Paco Hernández 0-0: Called Strike
0-1: Ball
1-1: Ball
2-1: Foul Ball, location: 2F
2-2: Strikes out swinging
Bottom of the 5th over - 0 run(s), 1 hit(s), 0 error(s), 1 left on base; Bismarck 0 - Moose Jaw 4
TOP OF THE 6TH
Bismarck Barons batting - Pitching for Moose Jaw Ghostbusters : LHP Martin White
Batting: LHB John Frost 0-0: Foul Ball, location: 2F
0-1: Fly out, F7 (Flyball, 7LS)
Batting: RHB Roberto García 0-0: Called Strike
0-1: Ball
1-1: Called Strike
1-2: Foul Ball, location: 2F
1-2: Foul Ball, location: 2F
1-2: Strikes out looking
Batting: LHB Pedro Díaz 0-0: Fly out, F3 (Popup, 4MS)
Top of the 6th over - 0 run(s), 0 hit(s), 0 error(s), 0 left on base; Bismarck 0 - Moose Jaw 4
BOTTOM OF THE 6TH
Moose Jaw Ghostbusters batting - Pitching for Bismarck Barons : RHP Francisco Anaya
Batting: LHB Dave Stewart 0-0: Foul Ball, location: 2F
0-1: Foul Ball, location: 2F
0-2: Ball
1-2: SINGLE (Line Drive, 34D)
Batting: SHB Martín Cruz 0-0: Ball
1-0: Swinging Strike
1-1: Called Strike
1-2: Foul Ball, location: 2F
1-2: Ball
2-2: Ball
3-2: Grounds into double play, 6-4-3 (Groundball, 6M)
Batting: RHB Don Turner 0-0: Ball
1-0: Ball
2-0: Called Strike
2-1: Swinging Strike
2-2: Ball
3-2: SINGLE (Groundball, 4MD) (infield hit)
Batting: RHB Shawn Bane 0-0: Ball
Don Turner steals 2nd base
1-0: Ball
2-0: Foul Ball, location: 2F
2-1: Foul Ball, location: 2F
2-2: Strikes out swinging
Bottom of the 6th over - 0 run(s), 2 hit(s), 0 error(s), 1 left on base; Bismarck 0 - Moose Jaw 4
TOP OF THE 7TH
Bismarck Barons batting - Pitching for Moose Jaw Ghostbusters : LHP Martin White
Batting: RHB Seiji Kouno 0-0: Called Strike
0-1: Ball
1-1: Foul Ball, location: 2F
1-2: Ground out 6-3 (Groundball, 6)
Batting: LHB Edwin Ryan 0-0: Swinging Strike
0-1: Ground out 4-3 (Groundball, 4)
Batting: RHB Pancho Torres 0-0: Called Strike
0-1: Called Strike
0-2: Ball
1-2: Ground out 6-3 (Groundball, 6)
Top of the 7th over - 0 run(s), 0 hit(s), 0 error(s), 0 left on base; Bismarck 0 - Moose Jaw 4
BOTTOM OF THE 7TH
Moose Jaw Ghostbusters batting - Pitching for Bismarck Barons : RHP Francisco Anaya
Pitching: LHP Christiano Gomes
Batting: LHB John Robbins 0-0: Ball
1-0: Swinging Strike
1-1: Called Strike
1-2: Strikes out swinging
Batting: RHB Manuel Pérez 0-0: Foul Ball, location: 2F
0-1: Called Strike
0-2: SINGLE (Flyball, 6MD)
Batting: LHB Will Vale 0-0: Foul Ball, location: 2F
0-1: Ball
1-1: Fly out, F6 (Popup, 6M)
Batting: RHB John Major 0-0: Ball
1-0: Foul Ball, location: 2F
1-1: Called Strike
1-2: Foul Ball, location: 2F
1-2: Strikes out looking
Bottom of the 7th over - 0 run(s), 1 hit(s), 0 error(s), 1 left on base; Bismarck 0 - Moose Jaw 4
TOP OF THE 8TH
Bismarck Barons batting - Pitching for Moose Jaw Ghostbusters : LHP Martin White
Batting: RHB Michael Thomas 0-0: Ball
1-0: Called Strike
1-1: Ball
2-1: Swinging Strike
2-2: Ball
3-2: Strikes out swinging
Pitching: RHP Bennett Greer
Batting: SHB Jeff Chambers 0-0: Ball
1-0: Called Strike
1-1: Fly out, F7 (Popup, 78S)
Batting: LHB Jorge Fernández 0-0: Called Strike
0-1: Ball
1-1: Ball
2-1: Foul Ball, location: 2F
2-2: Strikes out swinging
Top of the 8th over - 0 run(s), 0 hit(s), 0 error(s), 0 left on base; Bismarck 0 - Moose Jaw 4
BOTTOM OF THE 8TH
Moose Jaw Ghostbusters batting - Pitching for Bismarck Barons : LHP Christiano Gomes
Batting: RHB Paco Hernández 0-0: Ground out 4-3 (Groundball, 4)
Batting: LHB Dave Stewart 0-0: DOUBLE (Line Drive, 3L)
Batting: SHB Martín Cruz 0-0: Ball
1-0: Called Strike
1-1: Called Strike
1-2: Ball
2-2: Strikes out swinging
Batting: RHB Don Turner 0-0: Swinging Strike
0-1: Called Strike
0-2: Strikes out looking
Bottom of the 8th over - 0 run(s), 1 hit(s), 0 error(s), 1 left on base; Bismarck 0 - Moose Jaw 4
TOP OF THE 9TH
Bismarck Barons batting - Pitching for Moose Jaw Ghostbusters : RHP Bennett Greer
Batting: LHB John Frost 0-0: Swinging Strike
0-1: Ball
1-1: Bunt for hit - play at first, batter OUT! 3-4
Batting: RHB Roberto García 0-0: Ball
1-0: Called Strike
1-1: Ball
2-1: Foul Ball, location: 2F
2-2: Foul Ball, location: 2F
2-2: Strikes out looking
Batting: LHB Pedro Díaz 0-0: Ball
1-0: Ball
2-0: Called Strike
2-1: SINGLE (Line Drive, 4D)
Batting: RHB Seiji Kouno 0-0: Foul Ball, location: 2F
0-1: Fielders Choice at 2nd, 6-4 (Groundball, 6)
Top of the 9th over - 0 run(s), 1 hit(s), 0 error(s), 0 left on base; Bismarck 0 - Moose Jaw 4
Monday, December 5th, 2016 - OOTP Baseball 17.12 Build 75